 Dungeon Crawl Stone Soup version 0.16.2-12-gd0ad4c3 (webtiles) character file.

5919 Kloppie the Spear-Bearer (level 10, -8/94 HPs)
             Began as a Minotaur Berserker on Oct 29, 2015.
             Was an Elder of Trog.
             Killed from afar by Erica (25 damage)
             ... with an orb of energy
             ... on level 1 of the Lair of Beasts on Oct 30, 2015.
             The game lasted 00:23:55 (7375 turns).

Kloppie the Spear-Bearer (Minotaur Berserker)       Turns: 7375, Time: 00:23:56

Health: -8/94      AC:  0    Str: 23    XL:     10   Next: 53%
Magic:  15/15      EV: 19    Int:  4    God:    Trog [****..]
Gold:   174        SH:  0    Dex: 12    Spells: 0 memorised, 9 levels left

rFire  . . .     SeeInvis .     a - melded +1 trident
rCold  . . .     Clarity  .     D - melded +0 scale mail
rNeg   . . .     SustAb   .     B - melded +0 shield
rPois  .         Gourm    .     (helmet currently unavailable)
rElec  .         Spirit   .     x - melded +2 cloak
rCorr  .         Warding  .     O - melded +2 pair of gloves of Giesud {rElec rF+ Int-2}
rMut   .         Stasis   .     (boots currently unavailable)
MR     .....                    m - melded amulet of clarity
Stlth  +.........               p - melded +2 ring of slaying
                                n - melded +5 ring of evasion

@: confused, lethally poisoned (-8 -> -13), porcupine-form, quick, not resistant
to hostile enchantments, very unstealthy
A: (retaliatory headbutt), (horns 0), mutation resistance 1
a: Burn Spellbooks, Berserk, Trog's Hand, Brothers in Arms, Renounce Religion


You were on level 1 of the Lair of Beasts.
You worshipped Trog.
Trog was greatly pleased with you.
You were not hungry.
You were a spiny porcupine.
You visited 3 branches of the dungeon, and saw 10 of its levels.
You also visited: Sewer.

You collected 322 gold pieces.
You spent 148 gold pieces at shops.

Inventory:

Hand weapons
 a - a +1 trident (melded)
Missiles
 H - 15 stones (quivered)
Armour
 i - a +0 plate armour
 x - a +2 cloak (melded)
 B - a +0 shield (melded)
 D - a +0 scale mail (melded)
 O - the +2 pair of gloves of Giesud (melded) {rElec rF+ Int-2}
   (You found it on level 8 of the Dungeon)

   It affects your intelligence (-2).
   It protects you from fire.
   It insulates you from electricity.
Jewellery
 m - an amulet of clarity (melded)
 n - a +5 ring of evasion (melded)
 p - a +2 ring of slaying (melded)
 u - an uncursed ring of sustain abilities
 J - an uncursed ring of teleportation
Scrolls
 j - 4 scrolls of blinking
 l - 9 scrolls of remove curse
 y - a scroll of fear
 G - 2 scrolls of teleportation
 N - 2 scrolls of recharging
Potions
 e - a potion of cancellation
 g - 2 potions of haste
 k - 7 potions of curing
 q - a potion of cure mutation
 r - 2 potions of might
 s - 2 potions of flight {unknown}
 w - 4 potions of heal wounds {unknown}
 z - 3 potions of poison {unknown}
 E - a potion of ambrosia {unknown}
 F - a potion of restore abilities {unknown}
 I - 2 potions of brilliance {unknown}
Comestibles
 c - 3 bread rations


   Skills:
 - Level 10.8 Fighting
 - Level 10.9 Polearms
 + Level 9.0 Armour
 - Level 2.1 Dodging
 + Level 7.1 Evocations


You had 9 spell levels left.
You didn't know any spells.

Dungeon Overview and Level Annotations

Branches:
Dungeon (8/15)             Temple (1/1) D:6            Lair (1/8) D:8

Altars:
Ashenzari
Cheibriados
Dithmenos
Elyvilon
Fedhas
Gozag
Nemelex Xobeh
Okawaru
Qazlal
Trog
Vehumet
Xom
Zin
The Shining One

Shops:
D:5 }*=%   D:6 ***(

Annotations:
Lair:1 Erica


Innate Abilities, Weirdness & Mutations

((You reflexively headbutt those who attack you in melee.))
((You have a pair of horns on your head.))
You are somewhat resistant to further mutation.


Message History

You are confused.
You hit something but do no damage. Something barely misses you.
You hit something. Something hits you! Something burns you.
You bump into the rock wall.
You hear some strange, mumbled words.
The bolt of poison hits you!
You are poisoned.
* * * LOW HITPOINT WARNING * * *
You feel sick.
You hear some strange, mumbled words.
You are more confused.
You're too confused to move!
You feel sick.
You hear some strange, mumbled words.
The orb of energy hits you!
* * * LOW HITPOINT WARNING * * *
The orb of energy explodes!
You bump into the rock wall.
You feel sick.
You hear some strange, mumbled words.
The orb of energy hits you!
You die...

♣..'....#..♣ ♣..†..<.#..♣
### ♣..'....#..♣ ##P###
♣..#⌠...#..♣ ....♣
♣..######..♣ #...♣
♣..........♣ #..♣♣
♣..........♣ ##...♣
♣♣♣♣♣...♣♣♣♣ . ### #.r.##
♣...♣ ♣ {....
##{..♣#♣♣♣♣#...♣♣♣♣
#.#.#.##...............#..
#....>..............#...).
#.#..............####P...#
##..$.#.P###......>....#
#.............P#####..#
#...?......[...######...
#..P≈.P...PP.≈.##.......


There were no monsters in sight!

Vanquished Creatures
  A hydra (Lair:1)
  The ghost of Dadi the Cleaver, an experienced MiBe of Trog (Lair:1)
  A spiny frog (Lair:1)
  A komodo dragon (D:8)
  Eustachio (D:8)
  A hungry ghost (D:7)
  6 wolves (Lair:1)
  A porcupine (Lair:1)
  2 sky beasts
  2 centaurs
  The ghost of Kloppie the Sneak, an average DgAs (D:3)
  A black bear (D:8)
  An orc warrior (D:7)
  4 ice beasts
  5 ogres
  3 giant frogs
  Duvessa (D:7)
  A big kobold (Sewer)
  A scorpion (D:5)
  3 wights (D:7)
  A quasit (D:8)
  Dowan (D:7)
  A hound (D:7)
  A crimson imp (D:5)
  A giant frog zombie (D:5)
  2 giant frog skeletons
  A jelly (D:6)
  7 orc priests
  10 orc wizards
  4 worker ants
  A hound zombie (D:5)
  Robin (D:3)
  6 adders
  A river rat (Sewer)
  A worker ant zombie (D:8)
  3 gnolls (D:7)
  6 giant mites
  An ufetubus (D:8)
  A worm (D:3)
  An adder zombie (D:5)
  An adder skeleton (D:3)
  3 giant geckos
  25 orcs
  8 bats
  4 giant cockroaches
  23 goblins
  18 hobgoblins
  6 jackals
  10 quokkas
  2 giant gecko skeletons (D:4)
  3 giant newts
  16 kobolds
  A quokka zombie (D:7)
  19 rats
  3 ballistomycetes (D:8)
231 creatures vanquished.

Vanquished Creatures (others)
  A giant spore (D:8)
  2 plants (D:8)
3 creatures vanquished.

Grand Total: 234 creatures vanquished

Notes
Turn   | Place    | Note
--------------------------------------------------------------
     0 | D:1      | Kloppie, the Minotaur Berserker, began the quest for the Orb.
     0 | D:1      | Reached XP level 1. HP: 19/19 MP: 1/1
    77 | D:1      | Reached skill level 4 in Fighting
    82 | D:1      | Reached XP level 2. HP: 25/27 MP: 1/1
   797 | D:2      | Reached XP level 3. HP: 34/34 MP: 2/2
   801 | D:2      | Found a glowing silver altar of Zin.
   900 | D:2      | Acquired Trog's second power
  1399 | D:2      | Reached skill level 5 in Fighting
  1555 | D:3      | Reached XP level 4. HP: 35/42 MP: 2/2
  1578 | D:3      | Found a radiant altar of Vehumet.
  1580 | D:3      | Noticed Kloppie's ghost (average DgAs)
  1601 | D:3      | Killed Kloppie's ghost
  1601 | D:3      | Reached skill level 5 in Polearms
  1601 | D:3      | Reached XP level 5. HP: 50/50 MP: 2/2
  1713 | D:3      | Noticed Robin
  1804 | D:3      | Killed Robin
  1804 | D:3      | Reached skill level 6 in Fighting
  1985 | D:3      | Found a glowing drain.
  1989 | Sewer    | Entered a sewer
  2082 | Sewer    | Reached XP level 6. HP: 55/58 MP: 3/3
  2112 | Sewer    | Found a white marble altar of Elyvilon.
  3000 | D:4      | Reached skill level 7 in Fighting
  3002 | D:4      | HP: 3/60 [orc priest/nerve-wracking pain (12)]
  3442 | D:4      | Found an opulent altar of Gozag.
  3443 | D:4      | Found a blossoming altar of Fedhas.
  3447 | D:4      | Found a shimmering altar of Xom.
  3612 | D:5      | Entered Level 5 of the Dungeon
  3617 | D:5      | Reached XP level 7. HP: 63/66 MP: 3/3
  3911 | D:5      | Found Puxtarh Ekobb's Jewellery Shoppe.
  3922 | D:5      | Reached skill level 8 in Polearms
  3927 | D:5      | Found Pnet's Assorted Antiques.
  3978 | D:5      | Bought a cursed -5 ring of dexterity for 24 gold pieces
  4005 | D:5      | Found Giqeud's Food Emporium.
  4062 | D:5      | Bought a fuming inky potion for 14 gold pieces
  4062 | D:5      | Bought a scroll labeled SIFEG TOFUYWOO for 16 gold pieces
  4066 | D:5      | Gained mutation: You are somewhat resistant to further mutation. [potion of beneficial mutation]
  4277 | D:5      | Found Phogud's Gadget Shoppe.
  4470 | D:6      | Reached XP level 8. HP: 65/77 MP: 3/3
  4511 | D:6      | Acquired Trog's third power
  4516 | D:6      | Reached skill level 9 in Fighting
  4569 | D:6      | Found Grelap's Assorted Antiques.
  4576 | D:6      | Bought a pink potion for 18 gold pieces
  4576 | D:6      | Bought a lumpy puce potion for 18 gold pieces
  4576 | D:6      | Bought a smoky green potion for 18 gold pieces
  4576 | D:6      | Bought a scroll of identify for 40 gold pieces
  4607 | D:6      | Found a bloodstained altar of Trog.
  4607 | D:6      | Found an iron altar of Okawaru.
  4675 | D:6      | Found a staircase to the Ecumenical Temple.
  4686 | Temple   | Entered the Ecumenical Temple
  4795 | D:6      | Found Osuugg's General Store.
  4899 | D:6      | Found Zesyqa's Weapon Shoppe.
  4993 | D:6      | Found Haffyth's Assorted Antiques.
  5083 | D:7      | Noticed Duvessa
  5083 | D:7      | Noticed Dowan
  5092 | D:7      | Killed Duvessa
  5094 | D:7      | Killed Dowan
  5094 | D:7      | Reached skill level 10 in Fighting
  5094 | D:7      | Reached skill level 10 in Polearms
  5340 | D:7      | Reached XP level 9. HP: 81/86 MP: 4/4
  6175 | D:8      | Reached skill level 1 in Evocations
  6190 | D:8      | Noticed a komodo dragon
  6209 | D:8      | Killed a komodo dragon
  6242 | D:8      | Found a staircase to the Lair.
  6281 | D:8      | Noticed Eustachio
  6306 | D:8      | Killed Eustachio
  6306 | D:8      | Reached skill level 5 in Armour
  6562 | D:8      | Got a pair of spiked gloves
  6563 | D:8      | Identified the +2 pair of gloves of Giesud {rElec rF+ Int-2} (You found it on level 8 of the Dungeon)
  6625 | D:8      | Found a stormy altar of Qazlal.
  6625 | D:8      | Found a radiant altar of Vehumet.
  6899 | Lair:1   | Entered Level 1 of the Lair of Beasts
  6947 | Lair:1   | Reached skill level 5 in Evocations
  6955 | Lair:1   | Reached XP level 10. HP: 59/94 MP: 12/12
  7097 | Lair:1   | Noticed a six-headed hydra
  7097 | Lair:1   | Noticed a spiny frog
  7100 | Lair:1   | Noticed Dadi's ghost (experienced MiBe)
  7114 | Lair:1   | Killed a spiny frog
  7123 | Lair:1   | Killed a six-headed hydra
  7139 | Lair:1   | Killed Dadi's ghost
  7355 | Lair:1   | Noticed Erica
  7375 | Lair:1   | Killed from afar by Erica

Action                   |  1- 3 |  4- 6 |  7- 9 | 10-12 || total
-------------------------+-------+-------+-------+-------++-------
Melee: Spear             |   109 |   175 |       |       ||   284
       Trident           |       |    40 |   355 |    35 ||   430
       Unarmed           |       |       |       |     5 ||     5
Invok: Berserk           |       |     2 |     3 |     1 ||     6
       Trog's Hand       |       |     2 |     3 |     1 ||     6
  Use: Scroll            |       |     9 |    11 |       ||    20
       Potion            |       |       |     1 |     2 ||     3
  Eat: Chunk             |     2 |     8 |    14 |     3 ||    27
       Pizza             |       |     1 |       |       ||     1
